Map: Ulrena

Players

Lambo

  • Race: Zerg Zerg
  • League: Grandmaster

PtitDrogo - Winner!

  • Race: Protoss Protoss
  • League: Grandmaster

Event: 2016 WCS Winter Challenger Europe

VOD

Have the link to the VOD?

Description

Time

  • Played on: Feb. 13, 2016, 11:58 a.m.
  • Length: 8:56

All games in this series

Show
View Real Time Build Order
Export as new Build Order

Lambo Zerg 

Build Orders: Hatch First 

Get SALT Encoding   

  12  0:00  Drone  
  13  0:13  Overlord  
  13  0:17  Drone  
  14  0:31  Drone x2  
  17  0:35  Drone  
  17  0:54  Hatchery  
  17  0:56  Drone  
  17  0:59  Drone  
  18  1:10  Extractor  
  17  1:14  Spawning Pool  
  17  1:17  Drone  
  17  1:20  Drone  
  18  1:28  Drone  
  19  1:40  Overlord  
  19  1:51  Overlord  
  19  2:01  Queen  
  21  2:02  Zergling x2  
  21  2:05  Queen  
  21  2:08  Drone  
  25  2:11  Metabolic Boost  
  25  2:15  Drone  
  26  2:18  Drone  
  28  2:22  Drone  
  28  2:28  Drone  
  29  2:33  Roach Warren  
  28  2:37  Drone  
  28  2:41  Zergling x2  
  30  2:44  Drone  
  30  2:48  Drone  
  32  2:53  Queen  
  32  2:56  Extractor  
  32  2:57  Drone  
  34  3:03  Overlord  
  34  3:06  Drone  
  34  3:10  Drone  
  36  3:14  Queen  
  36  3:18  Roach  
  40  3:24  Roach x2  
  44  3:28  Roach  
  46  3:36  Roach x2  
  50  3:42  Roach  
  50  3:43  Overlord  
  52  3:50  Overlord  
  52  4:02  Roach x3  
  57  4:05  Ravager  
  57  4:07  Zergling x2  
  57  4:09  Ravager  
  60  4:13  Zergling x4  
  60  4:14  Zergling x2  
  63  4:20  Zergling x8  
  66  4:29  Zergling x2  
  66  4:30  Zergling x4  
  63  4:34  Ravager  
  61  4:40  Ravager  
  61  4:44  Zergling x2  
  58  4:52  Zergling x2  
  55  4:58  Zergling x2  
  55  4:59  Zergling x2  
  54  5:08  Zergling x6  
  54  5:17  Zergling x4  
  52  5:26  Zergling x2  
  53  5:33  Zergling x4  
  49  5:40  Zergling x2  
  34  5:51  Zergling x2  
  34  5:52  Zergling x2  
  31  6:04  Zergling x2  
  30  6:09  Zergling x2  
  21  6:21  Zergling x2  
  14  6:46  Zergling x4  
  9  7:02  Spore Crawler  
  6  7:14  Zergling x2  
  7  7:27  Zergling x2  
  6  7:58  Drone  
  1  8:39  Zergling x2  
Show
View Real Time Build Order
Export as new Build Order

PtitDrogo Protoss - Winner!

Build Orders: 1 Gate Expand, Oracle Opening 

Get SALT Encoding   

  12  0:01  Probe (Chrono Boost)  
  13  0:11  Probe (Chrono Boost)  
  14  0:17  Pylon  
  14  0:22  Probe (Chrono Boost)  
  15  0:36  Probe (Chrono Boost)  
  15  0:37  Gateway  
  16  0:43  Assimilator  
  16  0:46  Probe (Chrono Boost)  
  18  0:57  Probe (Chrono Boost)  
  18  1:07  Probe (Chrono Boost)  
  19  1:20  Nexus  
  19  1:23  Probe (Chrono Boost)  
  20  1:33  Cybernetics Core  
  20  1:36  Probe (Chrono Boost)  
  21  1:42  Assimilator  
  22  1:47  Probe (Chrono Boost)  
  22  1:53  Pylon  
  22  1:57  Probe (Chrono Boost)  
  23  2:05  Warp Gate  
  23  2:11  Probe, Adept (Chrono Boost)  
  26  2:23  Probe  
  27  2:31  Stargate, Probe  
  27  2:35  Probe  
  31  2:37  Adept (Chrono Boost)  
  31  2:42  Probe  
  32  2:47  Probe  
  33  2:52  Probe  
  34  2:59  Probe (Chrono Boost)  
  34  3:03  Pylon  
  34  3:05  Mothership Core (Chrono Boost)  
  37  3:06  Gateway  
  37  3:11  Probe (Chrono Boost)  
  38  3:13  Pylon  
  38  3:18  Gateway  
  38  3:22  Pylon  
  38  3:24  Probe (Chrono Boost)  
  40  3:35  Probe, Pylon  
  40  3:37  Oracle (Chrono Boost)  
  40  3:38  Probe  
  44  3:42  Adept  
  44  3:48  Probe  
  47  3:50  Probe  
  48  4:00  Probe  
  49  4:03  Pylon  
  49  4:09  Stalker  
  51  4:11  Pylon  
  51  4:12  Oracle (Chrono Boost)  
  51  4:16  Stalker  
  56  4:23  Pylon  
  56  4:27  Stalker  
  58  4:34  Stalker  
  58  4:44  Zealot  
  60  4:48  Assimilator  
  60  4:50  Assimilator  
  60  4:52  Zealot  
  62  4:54  Zealot  
  61  5:05  Pylon  
  65  5:08  Pylon  
  64  5:15  Stalker  
  58  5:26  Stalker x2, Void Ray (Chrono Boost)  
  52  5:38  Pylon  
  52  5:41  Pylon  
  28  6:04  Stalker  
  28  6:05  Stalker  
  22  6:25  Stalker  
  20  6:28  Stalker  
  12  6:46  Stalker  
  13  7:23  Oracle (Chrono Boost)  
  4  8:39  Adept  
Tags
 
Add a new tag
Caveats
  • Supply blocks, unpowered buildings, or Contaminate may cause inaccurate times.
  • Supply counts are checked every 10 seconds.